Map: Arctic Dream LE

Players

qqq

  • Race: Zerg Zerg
  • League: Platinum
  • Spawn Location: 12:00

Massa

  • Race: Terran Terran
  • League: Gold
  • Spawn Location: 11:00

FaZe - Winner!

  • Race: Zerg Zerg
  • League: Diamond
  • Spawn Location: 5:00

SamDRay - Winner!

  • Race: Zerg Zerg
  • Spawn Location: 6:00

VOD

Have the link to the VOD?

Description

Time

  • Played on: May 19, 2020, 3:11 p.m.
  • Length: 4:58
Show
View Real Time Build Order
Export as new Build Order

qqq Zerg 

Build Orders: Hatch First 

Get SALT Encoding   

  12  0:05  Drone  
  13  0:09  Drone  
  14  0:36  Hatchery  
  13  0:51  Spawning Pool  
  12  0:58  Overlord  
  12  1:03  Drone  
  13  1:07  Drone  
  14  1:16  Extractor  
  14  1:17  Drone  
  14  1:24  Drone  
  15  1:37  Drone  
  16  1:40  Queen  
  18  1:47  Spine Crawler  
  18  1:49  Drone  
  18  1:53  Drone  
  19  1:58  Drone  
  20  2:04  Drone  
  21  2:13  Spine Crawler  
  20  2:22  Queen  
  20  2:27  Drone  
  20  2:29  Drone  
  24  2:38  Overlord  
  24  2:50  Zergling x2  
  24  2:51  Zergling x2  
  26  2:52  Spine Crawler  
  26  2:53  Drone  
  26  3:06  Drone x2  
  26  3:09  Zergling x4  
  30  3:14  Metabolic Boost  
  30  3:27  Zergling x4  
  30  3:28  Zergling x4  
  32  3:40  Zergling x2  
  34  3:41  Zergling x2  
  34  3:45  Lair  
  34  3:49  Zergling x2  
  34  3:50  Zergling x2  
  34  3:51  Overlord  
  34  4:04  Zergling x2  
  34  4:05  Zergling x2  
  36  4:10  Overlord  
  36  4:22  Drone  
  36  4:23  Drone x2  
  36  4:24  Drone x3  
  41  4:28  Drone x2, Extractor  
Show
View Real Time Build Order
Export as new Build Order

Massa Terran 

Build Orders:  

Get SALT Encoding   

  12  0:11  Supply Depot  
  12  0:13  SCV  
  13  0:25  SCV  
  14  0:35  Barracks  
  14  0:37  SCV  
  15  0:46  Supply Depot  
  15  0:50  SCV  
  16  0:58  Refinery  
  16  1:02  SCV  
  17  1:14  SCV  
  17  1:17  Refinery  
  18  1:25  Marine  
  19  1:27  SCV  
  20  1:39  SCV  
  21  1:42  Marine  
  22  1:51  SCV  
  23  1:56  Factory  
  23  2:01  Barracks  
  23  2:03  SCV  
  24  2:09  Marine  
  26  2:17  Orbital Command  
  25  2:26  Marine  
  26  2:42  Factory Tech Lab  
  26  2:44  Marine  
  26  2:51  Barracks Reactor  
  27  2:57  Starport  
  27  3:03  Starport  
  27  3:08  Siege Tank  
  30  3:19  Marine  
  12  3:31  Supply Depot  
  4  3:55  Orbital Command  
  3  4:13  Marine x2  
  5  4:21  SCV  
Show
View Real Time Build Order
Export as new Build Order

FaZe Zerg - Winner!

Build Orders: Pool First 

Get SALT Encoding   

  12  0:02  Drone  
  13  0:09  Extractor  
  12  0:25  Spawning Pool  
  11  0:29  Drone  
  12  0:36  Drone  
  13  0:45  Overlord  
  13  1:14  Metabolic Boost  
  13  1:15  Queen  
  13  1:17  Zergling x2  
  16  1:21  Zergling x2  
  16  1:25  Zergling x2  
  18  1:31  Zergling x2  
  19  1:40  Overlord  
  19  1:51  Drone  
  20  2:02  Zergling x2  
  21  2:17  Zergling x2  
  21  2:21  Hatchery  
  21  2:24  Zergling x2  
  21  2:25  Zergling x4  
  21  2:28  Zergling x2  
  24  2:47  Zergling x4  
  26  2:56  Overlord  
  26  2:58  Zergling x4  
  28  3:04  Zergling x2  
  28  3:25  Zergling x4  
  29  3:41  Queen  
  28  3:45  Zergling x6  
  32  3:55  Drone x3  
  35  4:03  Roach Warren  
  34  4:19  Drone x2  
  34  4:20  Drone x4  
  31  4:58  Extractor  
Show
View Real Time Build Order
Export as new Build Order

SamDRay Zerg - Winner!

Build Orders: 1 Base Baneling Bust, Pool First, Zergling Baneling 

Get SALT Encoding   

  12  0:02  Drone  
  13  0:11  Extractor, Drone  
  13  0:16  Drone  
  14  0:32  Spawning Pool  
  13  0:36  Drone  
  13  0:40  Extractor  
  13  0:42  Drone  
  14  0:49  Overlord  
  15  1:19  Zergling x6  
  18  1:26  Queen  
  20  1:33  Zergling x2  
  20  1:36  Metabolic Boost  
  21  1:45  Zergling x2  
  22  1:57  Baneling Nest  
  22  1:58  Overlord  
  21  2:12  Zergling x2  
  22  2:28  Zergling x2  
  22  2:29  Hatchery  
  23  2:30  Zergling x2  
  23  2:46  Baneling x2  
  23  2:47  Baneling x3  
  23  2:50  Baneling  
  23  2:58  Zergling x6  
  22  3:21  Zergling x2  
  22  3:22  Zergling x6  
  24  3:46  Zergling x6  
  27  3:55  Queen  
  29  3:58  Zergling x2  
  29  4:00  Zergling x2  
  31  4:13  Baneling x5  
  31  4:15  Baneling  
Tags
 
Add a new tag
Caveats
  • Supply blocks, unpowered buildings, or Contaminate may cause inaccurate times.
  • Supply counts are checked every 10 seconds.